 Dungeon Crawl Stone Soup version 0.30-a0-187-gd9c2deaf24 (webtiles) character file.

Game seed: 9343920311298945955

60725 WhatIsLove the Fighter (level 15, -3/117 HPs)
             Began as a Djinni Conjurer on Oct 3, 2022.
             Was a High Priest of Jiyva (penitent).
             Slain by a +7 antimagic mace (15 damage)
             ... on level 2 of the Elven Halls.
             The game lasted 00:58:13 (13809 turns).

WhatIsLove the Fighter (Djinni Conjurer)           Turns: 13809, Time: 00:58:14

Health: -3/117     AC:  7    Str:  5    XL:     15   Next: 39%
Gold:   925        EV: 17    Int: 30    God:    Jiyva [*****.] SH:  0 Dex: 16

rFire   + + .      SeeInvis .    a - staff of air
rCold   x . .      Faith    .    (no shield)
rNeg    . . .      Spirit   .    C - +0 troll leather armour
rPois   ∞          Reflect  .    (helmet restricted)
rElec   +          Harm     .    (no cloak)
rCorr   .          Rampage  .    (no gloves)
Will    +....                    (boots unavailable)
Stlth   +++++.....               b - amulet "Ehue" {Regen+ Int+4}
HPRegen 1.99/turn                (no ring)
MPRegen 0.00/turn                (no ring)

@: flying, unable to read
A: sickness immunity, fire resistance 2, cold vulnerability 1, float, innate
caster, HP casting, extra vitality 1, antennae 2, iridescent scales 1, agile 1,
sense surroundings 3, subdued magic 1, inability to read after injury 1
a: Renounce Religion


You were on level 2 of the Elven Halls.
You worshipped Jiyva.
Jiyva was demanding penance.
You visited 3 branches of the dungeon, and saw 16 of its levels.
You also visited: Sewer and Ossuary.

You collected 1409 gold pieces.
You spent 484 gold pieces at shops.

Inventory:

Hand Weapons
 c - a +1 short sword of venom
Missiles
 l - 4 throwing nets
Armour
 n - a +0 cloak
 p - a +2 helmet
 s - the +0 ring mail "Kulo" {Int+3}
   (You found it on level 5 of the Dungeon)

   Int:       It affects your intelligence (+3).
 y - a +1 robe of cold resistance
 C - a +0 troll leather armour (worn)
Magical Staves
 a - a staff of air (weapon)
Jewellery
 b - the amulet "Ehue" (around neck) {Regen+ Int+4}
   (You acquired it on level 5 of the Dungeon)

   [amulet of regeneration]

   Int:       It affects your intelligence (+4).
   Regen:     It increases your rate of health regeneration.
 x - a ring of fire
Wands
 k - a wand of flame (18)
 o - a wand of charming (15)
 w - a wand of polymorph (17)
Scrolls
 e - 4 scrolls of poison
 j - 4 scrolls of enchant armour
 q - 5 scrolls of magic mapping
 u - a scroll of blinking {unknown}
 v - a scroll of enchant weapon {unknown}
 z - a scroll of silence {unknown}
 A - a scroll of teleportation
 D - a scroll of fog
 E - 5 scrolls of immolation
 F - a scroll of noise {unknown}
 H - a scroll of fear
 I - a scroll of amnesia {unknown}
 J - a scroll of vulnerability {unknown}
Potions
 d - 2 potions of cancellation
 f - 5 potions of brilliance
 g - 2 potions of haste
 h - 3 potions of heal wounds
 i - 7 potions of curing
 m - 4 potions of might
 r - 4 potions of lignification
 t - a potion of ambrosia {unknown}
 B - a potion of magic {unknown}
 G - 2 potions of berserk rage


   Skills:
 + Level 14.1 Fighting
 - Level 10.0 Armour
 + Level 11.7 Dodging
 + Level 11.2 Stealth
 + Level 10.0 Spellcasting


You couldn't memorise any spells.
You knew the following spells:

 Your Spells              Type           Power      Damage    Failure   Level
a - Magic Dart            Conj           100%       1d8       1%          1
b - Searing Ray           Conj           100%       2d8       1%          2
c - Dazzling Flash        Conj/Hex       100%       N/A       1%          3
d - Fulminant Prism       Conj/Hex       27%        3d14      1%          4
e - Iskenderun's Mystic   Conj/Tloc      55%        2d12      1%          4
f - Inner Flame           Hex/Fire       55%        N/A       1%          3
g - Summon Ice Beast      Ice/Summ       55%        N/A       1%          4
h - Metabolic Englaciati  Hex/Ice        27%        N/A       1%          5
i - Eringya's Noxious Bo  Tmut/Pois      27%        N/A       11%         6
m - Momentum Strike       Conj/Tloc      100%       3d10      1%          2
s - Sting                 Tmut/Pois      100%       1d8       1%          1
W - Swiftness             Air            72%        N/A       1%          3
Your spell library was empty.

Dungeon Overview and Level Annotations

Branches:
Dungeon (12/15)            Temple (0/1) D:4            Lair (0/5) D:11
    Orc (2/2) D:12            Elf (2/3) Orc:2         Sewer (visited)
Ossuary (visited)

Altars:
Fedhas
Gozag
Nemelex Xobeh
Qazlal
Trog
Jiyva

Shops:
D:2 !   D:5 [   D:8 =   D:9 =   Orc:2 ??*(   Elf:2 :?

Annotations:
Elf:2 2 transporters, Amamary's ghost, adept HOFi


Innate Abilities, Weirdness & Mutations

You are immune to sickness and miasma.
You are immune to poison.
Your flesh is very heat resistant. (rF++)
You are vulnerable to cold. (rC-)
You float through the air rather than walking.
You learn spells naturally, not from books.
Your magical power is your life essence.
You have superior vitality. (+4 MHP)
You have a pair of antennae on your head.
You are partially covered in iridescent scales. (AC +2)
You are agile. (Dex +4, Str/Int -1)
You passively map a large area around you.
Your spells are a little easier to cast, but a little less powerful.
You occasionally lose the ability to read scrolls when taking damage.


Message History

Your Spellcasting skill increases to level 10!
Casting: Iskenderun's Mystic Blast (mildly dangerous; 1% risk of failure)
Confirm with . or Enter, or press ? or * to list all spells.
Aiming: Fulminant Prism (mildly dangerous; 1% risk of failure)
Press: ? - help, Dir - move target You conjure a prism of explosive energy!
* * * LOW HITPOINT WARNING * * *
A fulminant prism comes into view.
A +7 antimagic mace comes into view.
Unknown command.
Your fulminant prism crackles loudly.
Casting: Fulminant Prism (mildly dangerous; 1% risk of failure)
Confirm with . or Enter, or press ? or * to list all spells.
You erupt in a blast of force!
The mystic blast hits the +3 war axe of electrocution!
The +3 war axe of electrocution is heavily damaged.
The +3 war axe of electrocution is knocked back by the mystic blast.
* * * LOW HITPOINT WARNING * * *
You hear a shout!
Your fulminant prism explodes!
The blast of energy engulfs the +3 war axe of electrocution!!
The +3 war axe of electrocution falls from the air.
The blast of energy engulfs the deep elf knight!!
The deep elf knight is heavily wounded.
The blast of energy engulfs the +7 antimagic mace!
The +7 antimagic mace is heavily damaged.
Unknown command.
Casting: Iskenderun's Mystic Blast (mildly dangerous; 1% risk of failure)
Confirm with . or Enter, or press ? or * to list all spells.
Aiming: Fulminant Prism (mildly dangerous; 1% risk of failure)
Press: ? - help, Dir - move target You conjure a prism of explosive energy!
* * * LOW HITPOINT WARNING * * *
A fulminant prism comes into view.
The deep elf knight casts a spell at you.
The shard of ice hits you!!!
You feel a painful chill!
You feel threatened and lose the ability to read scrolls!
* * * LOW HITPOINT WARNING * * *
Your fulminant prism crackles loudly.
You feel better. The +7 antimagic mace hits you!
You die...

###.........######
#......).........#
#.##.............#
#.##.)####.####..#
###.##..#.......#..#
##...##..#.......#..#
####..####..#.......#..#
.....## #.............#
###### #..#...R...#..#
#..#...(...#..#
#..#.......#..# #
#..###.)*###..# ###
#....#.e.#....# ..#
#....#.).#....# ###
######'''###### # * * *
* #...#* * # , ,
#.............# ,


You could see a deep elf knight, a +7 antimagic mace (ally target) and a
friendly fulminant prism.

Vanquished Creatures
  A deep elf demonologist (Elf:2)
  A deep elf annihilator (Elf:2)
  A deep elf high priest (Elf:1)
  Erolcha (Orc:1)
  4 two-headed ogres
  2 centaur warriors (Orc:2)
  A boulder beetle (D:11)
  10 dancing weapons
  10 deep elf knights
  Sonja (Orc:1)
  2 skeletal warriors (D:11)
  20 deep elf pyromancers
  9 deep elf archers
  11 deep elf zephyrmancers
  Pikel (D:6)
  An orc knight (Orc:2)
  An ugly thing (D:12)
  2 orc sorcerers
  3 cyclopes
  5 gargoyles
  5 centaur zombies (D:10)
  2 komodo dragons (D:11)
  Psyche (D:8)
  A troll (D:12)
  3 vampires
  6 wraiths
  6 shadows
  7 wyverns
  3 water elementals
  A spriggan (shapeshifter) (Elf:2)
  23 yaks
  4 fire elementals
  2 basilisks (D:11)
  A hog (shapeshifter) (Elf:1)
  3 steam dragons
  A water moccasin (D:7)
  Duvessa (D:5)
  A swamp drake (D:11)
  Pargi (Sewer)
  2 ice beasts
  A sky beast (D:7)
  3 black bears
  4 ogres
  25 orc warriors
  17 centaurs
  4 lemures (D:6)
  Blork the orc (D:5)
  3 kobold brigands
  2 phantoms
  3 bullfrogs
  2 earth elementals
  2 necrophages
  A gnoll sergeant (D:6)
  5 scorpions
  4 wights (D:8)
  Dowan (D:5)
  8 killer bees (D:9)
  4 electric eels (D:7)
  A howler monkey (D:12)
  A hound (D:5)
  5 orc priests
  9 jellies
  Terence (D:3)
  4 iguanas
  5 orc wizards
  A mummy (Ossuary)
  A howler monkey zombie (D:10)
  Robin (D:4)
  19 gnolls
  13 adders
  2 shadow imps
  A white imp (D:7)
  An ufetubus (D:5)
  A worm zombie (D:5)
  A worm (D:2)
  A dart slug (D:1)
  29 orcs
  5 ball pythons
  3 bats
  12 endoplasms
  3 giant cockroaches
  11 goblins
  8 hobgoblins
  8 jackals
  4 quokkas
  3 frilled lizards
  2 gnoll skeletons (Ossuary)
  6 gnoll zombies (Ossuary)
  4 goblin skeletons (Ossuary)
  A goblin zombie (Ossuary)
  2 hobgoblin skeletons (Ossuary)
  3 hobgoblin zombies (Ossuary)
  7 kobolds
  3 kobold skeletons (Ossuary)
  5 kobold zombies (Ossuary)
  3 orc skeletons (Ossuary)
  An orc zombie (Ossuary)
  3 rats
  4 rat skeletons (Ossuary)
  6 rat zombies (Ossuary)
  2 fulminant prisms
457 creatures vanquished.

Vanquished Creatures (collateral kills)
  A dancing weapon (Elf:1)
  A skeletal warrior (D:11)
  A yak (D:9)
3 creatures vanquished.

Vanquished Creatures (others)
  A deep elf pyromancer (Elf:1)
  A water elemental (Elf:1)
  Menkaure (Ossuary)
  A kobold brigand (D:8)
  2 bullfrogs
  38 jellies
  An orc priest (D:12)
  An orc wizard (D:12)
  2 mummies (Ossuary)
  A gnoll (D:4)
  A white imp (D:7)
  4 orcs (D:12)
  A giant cockroach (D:3)
  7 kobolds
  A gnoll skeleton (Ossuary)
  2 hobgoblin skeletons (Ossuary)
  A kobold skeleton (Ossuary)
  A kobold zombie (Ossuary)
  2 orc skeletons (Ossuary)
  An orc zombie (Ossuary)
  A rat (D:3)
  A rat skeleton (Ossuary)
  A rat zombie (Ossuary)
  102 fulminant prisms
  49 plants (D:7)
  2 withered plants (D:10)
226 creatures vanquished.

Grand Total: 686 creatures vanquished

Notes
Turn   | Place    | Note
-------+----------+-------------------------------------------
     0 | D:1      | WhatIsLove the Djinni Conjurer began the quest for the Orb.
     0 | D:1      | WhatIsLove set off with the following spells memorised:
                  | Magic Dart, Searing Ray, Dazzling Flash, Fulminant Prism,
                  | Iskenderun's Mystic Blast.
     0 | D:1      | Reached XP level 1. HP: 15/15 MP: 0/0
    71 | D:1      | Found a large runed translucent door.
    71 | D:1      | Found a large runed translucent door.
    71 | D:1      | Found a viscous altar of Jiyva.
    71 | D:1      | Noticed a jelly
    81 | D:1      | Noticed a jelly
    82 | D:1      | Noticed a jelly
    82 | D:1      | Noticed a jelly
    82 | D:1      | Noticed a jelly
    82 | D:1      | Noticed a jelly
    82 | D:1      | Noticed a jelly
   177 | D:1      | Reached XP level 2. HP: 20/21 MP: 0/0
   633 | D:1      | Found a faded altar of an unknown god.
   798 | D:2      | Reached XP level 3. HP: 21/25 MP: 0/0
   798 | D:2      | Learned a level 1 spell: Sting
   825 | D:2      | Found Niyhet's Distillery.
   844 | D:2      | Bought a potion of heal wounds for 60 gold pieces
  1450 | D:2      | Reached XP level 4. HP: 24/31 MP: 0/0
  2107 | D:1      | Reached XP level 5. HP: 30/35 MP: 0/0
  2107 | D:1      | Learned a level 2 spell: Momentum Strike
  2162 | D:1      | Reached skill level 5 in Spellcasting
  2172 | D:1      | Reached XP level 6. HP: 32/40 MP: 0/0
  2347 | D:1      | Became a worshipper of Jiyva Juoraetz the Shapeless
  2545 | D:3      | Noticed Terence
  2549 | D:3      | Killed Terence
  2719 | D:3      | Reached * piety under Jiyva
  3357 | D:4      | Reached ** piety under Jiyva
  3376 | D:4      | Found a glowing drain.
  3402 | D:4      | Reached XP level 7. HP: 44/45 MP: 0/0
  3402 | D:4      | Learned a level 3 spell: Swiftness
  3437 | Sewer    | Entered a sewer
  3448 | Sewer    | Noticed Pargi
  3456 | Sewer    | Killed Pargi
  3646 | D:4      | Found a staircase to the Ecumenical Temple.
  3695 | D:4      | Found a stormy altar of Qazlal.
  3875 | D:4      | Reached skill level 1 in Fighting
  3894 | D:4      | Identified the +5 quarterstaff of Unpleasantness {vorpal,
                  | Str+4 Int-3}
  3927 | D:4      | Noticed Robin
  3935 | D:4      | Killed Robin
  4000 | D:4      | Reached *** piety under Jiyva
  4167 | D:4      | Reached XP level 8. HP: 53/53 MP: 0/0
  4243 | D:5      | Entered Level 5 of the Dungeon
  4243 | D:5      | Gained mutation: Your melee attacks may engulf your foes in
                  | ooze. [Jiyva's grace]
  4243 | D:5      | Gained mutation: Your body has grown eyes which may confuse
                  | attackers. (Acc +3) [Jiyva's grace]
  4243 | D:5      | Gained mutation: Your body has grown many eyes which may
                  | confuse attackers. (Acc +5) [Jiyva's grace]
  4243 | D:5      | Gained mutation: Your body is covered in eyes which may
                  | confuse attackers. (Acc +7, SInv) [Jiyva's grace]
  4246 | D:5      | Identified a scroll of acquirement
  4249 | D:5      | Reached skill level 2 in Fighting
  4252 | D:5      | Acquired the amulet "Ehue" {Regen+ Int+4}
  4279 | D:5      | Noticed Duvessa
  4279 | D:5      | Noticed Blork the orc
  4281 | D:5      | Noticed Dowan
  4283 | D:5      | Reached skill level 3 in Fighting
  4285 | D:5      | Killed Blork the orc
  4286 | D:5      | Reached skill level 4 in Fighting
  4288 | D:5      | Killed Duvessa
  4289 | D:5      | Reached skill level 5 in Fighting
  4293 | D:5      | Killed Dowan
  4301 | D:5      | Reached skill level 6 in Fighting
  4316 | D:5      | Reached XP level 9. HP: 63/67 MP: 0/0
  4316 | D:5      | Learned a level 3 spell: Inner Flame
  4338 | D:5      | Found a sand-covered staircase.
  4382 | Ossuary  | Entered an ossuary
  4446 | Ossuary  | Reached skill level 7 in Fighting
  4519 | Ossuary  | Killed Menkaure
  4726 | D:5      | Reached **** piety under Jiyva
  4776 | D:5      | Identified the +0 ring mail "Kulo" {Int+3}
  5203 | D:5      | Found Perseus's Dragon-Slaying Spoils.
  5303 | D:6      | Reached skill level 8 in Fighting
  5419 | D:6      | Noticed Pikel
  5440 | D:6      | Killed Pikel
  5441 | D:6      | Reached skill level 9 in Fighting
  5820 | D:7      | Reached skill level 10 in Fighting
  5840 | D:7      | Reached XP level 10. HP: 78/80 MP: 0/0
  5891 | D:7      | Reached skill level 11 in Fighting
  6081 | D:7      | Noticed a two-headed ogre
  6083 | D:7      | Lost mutation: Your body is covered in eyes which may
                  | confuse attackers. (Acc +7, SInv) [Jiyva's grace]
  6083 | D:7      | Lost mutation: Your body has grown many eyes which may
                  | confuse attackers. (Acc +5) [Jiyva's grace]
  6083 | D:7      | Lost mutation: Your melee attacks may engulf your foes in
                  | ooze. [Jiyva's grace]
  6083 | D:7      | Gained mutation: You have a pair of small antennae on your
                  | head. [Jiyva's grace]
  6083 | D:7      | Gained mutation: You have a pair of antennae on your head.
                  | [Jiyva's grace]
  6083 | D:7      | Gained mutation: You have a pair of large antennae on your
                  | head. (SInv) [Jiyva's grace]
  6083 | D:7      | Gained mutation: Your mind is acute. (Int +4, Str/Dex -1)
                  | [Jiyva's grace]
  6093 | D:7      | Killed a two-headed ogre
  6578 | D:8      | Found Devoikk's Jewellery Shoppe.
  6581 | D:8      | Identified the +4 scale mail "Ivvud" {+Blink rF++ Str+4}
  6698 | D:8      | Found an opulent altar of Gozag.
  6785 | D:8      | Found a sparkling altar of Nemelex Xobeh.
  6883 | D:8      | Reached ***** piety under Jiyva
  6918 | D:8      | Reached skill level 12 in Fighting
  7032 | D:8      | Reached XP level 11. HP: 88/89 MP: 0/0
  7032 | D:8      | Learned a level 4 spell: Summon Ice Beast
  7075 | D:8      | Noticed Psyche
  7082 | D:8      | Killed Psyche
  7212 | D:8      | Identified the +0 chain mail of Keagimp {+Blink Will+++
                  | MP-9 Str-5}
  7538 | D:9      | Found a bloodstained altar of Trog.
  7749 | D:9      | Reached skill level 5 in Stealth
  7762 | D:9      | Found Ydwaimm's Jewellery Boutique.
  7851 | D:9      | Lost mutation: You have a pair of large antennae on your
                  | head. (SInv) [Jiyva's grace]
  7851 | D:9      | Gained mutation: You are partially covered in iridescent
                  | scales. (AC +2) [Jiyva's grace]
  7851 | D:9      | Gained mutation: You are mostly covered in iridescent
                  | scales. (AC +4) [Jiyva's grace]
  7851 | D:9      | Gained mutation: You are completely covered in iridescent
                  | scales. (AC +6) [Jiyva's grace]
  7851 | D:9      | Gained mutation: Armour fits poorly on your pseudopods.
                  | [Jiyva's grace]
  8186 | D:10     | Entered Level 10 of the Dungeon
  8234 | D:10     | Was placed under penance by Jiyva
  8409 | D:10     | Lost mutation: Armour fits poorly on your pseudopods. [the
                  | all-consuming vengeance of Jiyva]
  8574 | D:10     | Lost mutation: Your body has grown eyes which may confuse
                  | attackers. (Acc +3) [the all-consuming vengeance of Jiyva]
  8574 | D:10     | Was forgiven by Jiyva
  8576 | D:10     | Reached XP level 12. HP: 49/96 MP: 0/0
  9189 | D:11     | Found a blossoming altar of Fedhas.
  9189 | D:11     | Noticed a skeletal warrior
  9196 | D:11     | Noticed a skeletal warrior
  9197 | D:11     | Noticed a skeletal warrior
  9200 | D:11     | Killed a skeletal warrior
  9349 | D:11     | Killed a skeletal warrior
  9377 | D:11     | Killed a skeletal warrior
  9378 | D:11     | Reached skill level 13 in Fighting
  9487 | D:11     | Reached skill level 10 in Stealth
  9600 | D:11     | Found a staircase to the Lair.
  9760 | D:11     | Noticed a two-headed ogre
  9767 | D:11     | Killed a two-headed ogre
  9768 | D:11     | Reached skill level 5 in Dodging
  9834 | D:11     | Reached ****** piety under Jiyva
 10094 | D:12     | Noticed a boulder beetle
 10094 | D:12     | Found a staircase to the Orcish Mines.
 10112 | D:11     | Killed a boulder beetle
 10113 | D:11     | Reached XP level 13. HP: 87/103 MP: 0/0
 10113 | D:11     | Learned a level 5 spell: Metabolic Englaciation
 10454 | D:12     | Identified the +10 sling of Kiemoas {venom, Int+2}
 10555 | Orc:1    | Entered Level 1 of the Orcish Mines
 10555 | Orc:1    | Lost mutation: You are completely covered in iridescent
                  | scales. (AC +6) [Jiyva's grace]
 10555 | Orc:1    | Lost mutation: You are mostly covered in iridescent scales.
                  | (AC +4) [Jiyva's grace]
 10555 | Orc:1    | Lost mutation: Your mind is acute. (Int +4, Str/Dex -1)
                  | [Jiyva's grace]
 10555 | Orc:1    | Gained mutation: You passively map a small area around you.
                  | [Jiyva's grace]
 10555 | Orc:1    | Gained mutation: You passively map the area around you.
                  | [Jiyva's grace]
 10555 | Orc:1    | Gained mutation: You passively map a large area around you.
                  | [Jiyva's grace]
 10555 | Orc:1    | Gained mutation: You are agile. (Dex +4, Str/Int -1)
                  | [Jiyva's grace]
 10563 | Orc:1    | Paralysed by an orc sorcerer for 2 turns
 10563 | Orc:1    | Noticed Erolcha
 10569 | Orc:1    | Reached skill level 1 in Armour
 10573 | Orc:1    | Killed Erolcha
 10576 | Orc:1    | Noticed Sonja
 10593 | Orc:1    | Killed Sonja
 10873 | Orc:2    | Entered Level 2 of the Orcish Mines
 10873 | Orc:2    | Found a staircase to the Elven Halls.
 10974 | Orc:2    | Noticed a centaur warrior
 10979 | Orc:2    | Killed a centaur warrior
 11147 | Orc:2    | Noticed a centaur warrior
 11161 | Orc:2    | Killed a centaur warrior
 11162 | Orc:2    | Reached skill level 5 in Armour
 11273 | Orc:2    | Reached skill level 10 in Dodging
 11454 | Orc:2    | Found Kynoh's Antique Weapon Emporium.
 11455 | Orc:2    | Found Retaqiel's Magic Scroll Shop.
 11455 | Orc:2    | Found Peiw's General Store.
 11458 | Orc:2    | Found Hebro Moado's Magic Scroll Boutique.
 11462 | Orc:2    | Bought a scroll of teleportation for 33 gold pieces
 11462 | Orc:2    | Bought a scroll of enchant armour for 82 gold pieces
 11462 | Orc:2    | Bought a scroll of enchant armour for 82 gold pieces
 11463 | Orc:2    | Bought a potion of brilliance for 40 gold pieces
 11470 | Orc:2    | Bought a scroll of fog for 68 gold pieces
 11470 | Orc:2    | Bought a scroll of immolation for 68 gold pieces
 11470 | Orc:2    | Bought a scroll of teleportation for 51 gold pieces
 11634 | Elf:1    | Entered Level 1 of the Elven Halls
 11784 | Elf:2    | Found Zahaj's Magic Scroll Shoppe.
 11844 | Elf:2    | Reached XP level 14. HP: 60/110 MP: 0/0
 11852 | Elf:2    | Noticed a deep elf annihilator
 12071 | Elf:1    | Was placed under penance by Jiyva
 12104 | Elf:1    | Reached skill level 10 in Armour
 12889 | Elf:2    | Killed a deep elf annihilator
 12941 | Elf:2    | Noticed a deep elf demonologist
 12970 | Elf:2    | Killed a deep elf demonologist
 13048 | Elf:2    | Found Wuwn's Book Shoppe.
 13101 | Elf:2    | Reached XP level 15. HP: 76/116 MP: 0/0
 13101 | Elf:2    | Learned a level 6 spell: Eringya's Noxious Bog
 13103 | Elf:2    | Gained mutation: Your spells are a little easier to cast,
                  | but a little less powerful. [the all-consuming vengeance of
                  | Jiyva]
 13103 | Elf:2    | Gained mutation: You occasionally lose the ability to read
                  | scrolls when taking damage. [the all-consuming vengeance of
                  | Jiyva]
 13119 | Elf:2    | Paralysed by an orc sorcerer for 5 turns
 13173 | Elf:2    | Found a transporter.
 13177 | Elf:2    | Found a bloodstained altar of Trog.
 13184 | Elf:2    | Noticed a deep elf blademaster
 13185 | Elf:2    | Noticed a deep elf blademaster
 13185 | Elf:2    | Noticed Amamary's ghost (adept HOFi)
 13186 | Elf:2    | Noticed a deep elf blademaster
 13196 | Elf:2    | Found a transporter.
 13275 | Elf:2    | HP: 2/116 [something/shard of ice (21)]
 13429 | Elf:2    | Identified the +2 pair of boots of Entitlement {Harm rPois
                  | rC+ MP+9}
 13738 | Elf:2    | Reached skill level 14 in Fighting
 13754 | Elf:2    | Found a runed translucent gate.
 13754 | Elf:2    | Found a runed translucent gate.
 13754 | Elf:2    | Found a runed translucent gate.
 13804 | Elf:2    | Reached skill level 10 in Spellcasting
 13807 | Elf:2    | HP: 1/117 [deep elf knight/shard of ice (57)]
 13809 | Elf:2    | Slain by a +7 antimagic mace

Illustrated notes

Levels and vault maps discovered:
D:1:      erik_arrival_cave_to_civilisation [erik_arrival_cave_to_temple],
          layout_basic, shapermc_ecumenical_altar_petra, st_stairs_6, hex_tiny
D:2:      layout_basic, serial_shops, shop
D:3:      layout_basic, minmay_misc_feat_five, bh_walls_and_bars, uniq_terence
D:4:      layout_cave_pods, grunt_qazlal_clouds, minmay_temple_entry_ruins,
          cheibrodos_sewer_entry_drain, uniq_robin
D:5:      cheibrodos_quashed, layout_rooms, enter_ossuary_3,
          nicolae_shop_dragon_depot, kennysheep_generic_room_6, uniq_duvessa,
          uniq_blork_the_orc
D:6:      layout_cave_pools, uniq_pikel
D:7:      layout_loops_ring, serial_bayou, serial_bayou_ford_a,
          serial_bayou_crossing, serial_bayou_pond_b, serial_bayou_pond_c,
          serial_bayou_pond_b
D:8:      layout_loops_cross, nemelex_spade_bored_becter, grunt_gozag_statues,
          minmay_shop_enchanted_jewellery, hangedman_decor_riveting, uniq_psyche
D:9:      layout_loops_corners, bloody_trog, minmay_shop_grid_forest
D:10:     layout_loops_corners, serial_undead, serial_undead_c, serial_undead_d,
          serial_undead_a, serial_undead_c, serial_undead_a, serial_undead_f
D:11:     layout_loops_ring, erik_lair_dragon, fedhas_bush_and_centaur_altar
D:12:     layout_cave_pools, minmay_orc_entry_temple_small
Orc:1:    layout_caves, uniq_sonja, uniq_erolcha
Orc:2:    st_orc_rangers, layout_caves
Elf:1:    layout_gridlike, kennysheep_underground_church, kb_rosetta
Elf:2:    nicolae_elf_blades_splatter_lattice [grunt_blade_entry_basic],
          layout_loops_ring, serial_shops, shop, shop,
          gammafunk_ghost_wrathful_warriors, lemuel_flamethrower_3

Skill      XL: |  1  2  3  4  5  6  7  8  9 10 11 12 13 14 15 |
---------------+----------------------------------------------+-----
Spellcasting   | 4 5 6 7 8 9 10 | 10.0
Fighting       | 1 6 10 12 13 14 | 14.1
Stealth        | 2 7 10 11 | 11.2
Dodging        | 6 10 11 | 11.7
Armour         | 8 10 | 10.0

Action                   |  1- 3 |  4- 6 |  7- 9 | 10-12 | 13-15 || total
-------------------------+-------+-------+-------+-------+-------++-------
Melee: Unarmed           |     2 |       |       |       |       ||     2
       Short sword       |       |       |    10 |     5 |    15 ||    30
 Cast: Magic Dart        |    48 |    74 |    51 |    63 |   202 ||   438
       Sting             |     6 |     5 |     3 |     3 |       ||    17
       Searing Ray       |     1 |     1 |     2 |     4 |     2 ||    10
       Fulminant Prism   |       |     4 |    13 |    28 |    60 ||   105
       Iskenderun's Myst |       |     4 |   100 |   139 |   141 ||   384
       Inner Flame       |       |       |    16 |    55 |    92 ||   163
       Momentum Strike   |       |       |       |     2 |       ||     2
       Summon Ice Beast  |       |       |       |     5 |     1 ||     6
       Metabolic Englaci |       |       |       |       |     4 ||     4
Invok: Slimify           |       |       |     1 |       |     2 ||     3
  Use: Scroll            |       |     1 |     4 |     8 |     3 ||    16
       Potion            |       |       |       |       |     5 ||     5
 Stab: Sleeping          |       |       |       |     1 |       ||     1
Armor: Robe              |     1 |    11 |     8 |    20 |     3 ||    43
       Animal skin       |       |       |    15 |     1 |       ||    16
       Steam dragon scal |       |       |       |     2 |       ||     2
       Troll leather arm |       |       |       |       |    20 ||    20
Dodge: Dodged            |     2 |    16 |    33 |    56 |   159 ||   266

Table legend: (Time is in decaauts)
 A = Elapsed time spent in this place.
 B = Non-inter-level travel time spent in this place.
 C = Inter-level travel time spent in this place.
 D = Time resting spent in this place.
 E = Time spent auto-exploring this place.
 F = Levels seen in this place.
 G = Mean time per level.
                   A        B        C        D        E       F      G
               +--------+--------+--------+--------+--------+-----+--------+
         Total |  13815 |  13263 |    552 |    366 |   9226 |  18 |  767.5 |
       Dungeon |  10173 |   9668 |    505 |    286 |   7360 |  12 |  847.8 |
  Orcish Mines |   1109 |   1067 |     42 |     13 |    628 |   2 |  554.5 |
   Elven Halls |   2146 |   2141 |      5 |     67 |   1144 |   2 | 1073.0 |
         Sewer |    117 |    117 |      0 |      0 |     69 |   1 |  117.0 |
       Ossuary |    268 |    268 |      0 |      0 |     25 |   1 |  268.0 |
               +--------+--------+--------+--------+--------+-----+--------+

Top non-repeatable levels by time:
     D:1: 1233 daAuts
     D:2: 1224 daAuts
   Elf:1: 1161 daAuts
    D:10: 1024 daAuts
   Elf:2: 985 daAuts
    D:11: 916 daAuts
     D:9: 906 daAuts
     D:3: 902 daAuts
     D:4: 781 daAuts
     D:5: 776 daAuts
   Orc:2: 757 daAuts
     D:8: 743 daAuts
     D:7: 731 daAuts
     D:6: 500 daAuts
    D:12: 431 daAuts
